 Dungeon Crawl Stone Soup version 0.31.0-9-g3a7656b989 (webtiles) character file.

Game seed: 8205954983732237412

3891 Kallu the Destroyer (level 9, -1/74 HPs)
             Began as a Demigod Conjurer on Jan 29, 2024.
             Slain by an orc warrior
             ... wielding a +0 spear
              (17 damage)
             ... in a bailey.
             The game lasted 00:20:16 (7810 turns).

Kallu the Destroyer (Demigod Conjurer)              Turns: 7810, Time: 00:20:16

Health: -1/74      AC: 11    Str:  8    XL:     9   Next: 68%
Magic:  11/27      EV: 11    Int: 32    God:
Gold:   530        SH:  0    Dex: 12    Spells: 5/16 levels left

rFire   . . .        a - +1 spear (venom)
rCold   . . .        (no shield)
rNeg    . . .        c - +0 acid dragon scales
rPois   .            (no helmet)
rElec   .            (no cloak)
rCorr   +            (no gloves)
SInv    .            o - +0 pair of boots
Will    .....        (no amulet)
Stlth   +            w - +4 ring of protection
HPRegen 0.32/turn    m - ring of magical power
MPRegen 0.20/turn

%: no passive effects
@: no status effects
A: high MP 1, forlorn, divine attributes
a: no special abilities


You were in a bailey.
You visited 1 branch of the dungeon, and saw 8 of its levels.
You also visited: Bailey.

You collected 530 gold pieces.

Inventory:

Hand Weapons
 a - a +1 spear of venom (weapon)
Missiles
 d - 9 boomerangs
 h - 6 poisoned darts
 z - 3 throwing nets
Armour
 c - +0 acid dragon scales (worn)
 o - a +0 pair of boots (worn)
Jewellery
 m - a ring of magical power (right hand)
 s - a ring of poison resistance
 t - a ring of ice
 w - a +4 ring of protection (left hand)
 E - a +6 ring of intelligence
Scrolls
 j - a scroll of revelation
 l - a scroll of acquirement
 n - 2 scrolls of enchant armour {unknown}
 p - a scroll of amnesia {unknown}
 q - a scroll of silence {unknown}
 r - 2 scrolls of fog {unknown}
 u - a scroll of teleportation {unknown}
 x - a scroll of immolation
 y - a scroll of vulnerability {unknown}
 C - a scroll of blinking {unknown}
Potions
 b - a potion of magic
 e - a potion of resistance
 f - 4 potions of attraction
 g - 2 potions of enlightenment
 k - a potion of ambrosia
 v - 2 potions of curing
 A - 2 potions of cancellation
 B - a potion of lignification
 D - 2 potions of mutation
 F - 3 potions of heal wounds {unknown}
 G - 2 potions of brilliance {unknown}
 H - a potion of invisibility {unknown}


   Skills:
 - Level 5.0 Fighting
 - Level 3.0 Dodging
 - Level 1.7 Stealth
 + Level 4.0 Spellcasting
 - Level 10.1 Conjurations
 - Level 3.0 Translocations
 - Level 5.0 Alchemy


You had 5 spell levels left.
You knew the following spells:

 Your Spells              Type           Power      Damage    Failure   Level
a - Magic Dart            Conj           100%       1d8       1%          1
b - Searing Ray           Conj           100%       2d8       1%          2
c - Fulminant Prism       Conj/Alch      26%        3d14      4%          4
d - Iskenderun's Mystic   Conj/Tloc      48%        2d11      7%          4

Your spell library contained the following spells:

 Spells                   Type           Power      Damage    Failure   Level
 Hailstorm                Conj/Ice       38%        3d9       3%          3
 Freeze                   Ice            24%        1d4       10%         1
 Necrotise                Necr           24%        1d5       10%         1
 Manifold Assault         Tloc           25%        N/A       28%         4
 Frozen Ramparts          Ice            12%        1d2       30%         3
 Fugue of the Fallen      Necr           6%         N/A       30%         3
 Ozocubu's Armour         Ice            6%         N/A       30%         3
 Vampiric Draining        Necr           6%         2d6       30%         3
 Martyr's Knell           Necr/Summ      6%         N/A       69%         4
 Curse of Agony           Necr           6%         N/A       95%         5
 Dispersal                Tloc           12%        N/A       99%         6
 Disjunction              Tloc           12%        N/A       100%        8


Dungeon Overview and Level Annotations

Branches:
Dungeon (8/15)             Temple (0/1) D:7          Bailey (1/1)
   Lair: D:8-11

Shops:
D:4 *   D:5 (


Innate Abilities, Weirdness & Mutations

You have an increased reservoir of magic. (+10% MP)
You shall have no god before yourself.
Your divine heritage dramatically boosts your attributes as you level up.


Message History

The blast of energy engulfs the orc knight.
The orc knight is heavily wounded.
The blast of energy engulfs the orc warrior!
The orc warrior is severely wounded.
Unknown command.
Casting: Fulminant Prism (dangerous; 4% risk of failure)
Confirm with . or Enter, or press ? or * to list all spells.
Aiming: Fulminant Prism (dangerous; 4% risk of failure)
Press: ? - help, Dir - move target You conjure a prism of explosive energy!
A fulminant prism comes into view.
Your fulminant prism crackles loudly.
Your fulminant prism explodes!
The blast of energy engulfs the orc knight!
The orc knight is severely wounded.
The blast of energy engulfs the orc warrior!
The orc warrior is almost dead.
Things that are here:
a +0 trident; an orc skeleton
Casting: Fulminant Prism (dangerous; 4% risk of failure)
Confirm with . or Enter, or press ? or * to list all spells.
Aiming: Fulminant Prism (dangerous; 4% risk of failure)
Press: ? - help, Dir - move target You conjure a prism of explosive energy!
A fulminant prism comes into view.
The orc warrior hits you from afar with a +0 spear!
* * * LOW HITPOINT WARNING * * *
The orc knight hits your fulminant prism with a +0 glaive!!
Your fulminant prism detonates feebly.
Unknown command.
There is an open door here.
The orc warrior no longer looks unusually strong.
The orc warrior attacks as it pursues you!
The orc warrior barely misses you.
The orc knight no longer looks unusually strong.
The orc knight roars a battlecry!
The orc warrior goes into a battle-frenzy!
The orc warrior attacks as it pursues you!
The orc warrior hits you from afar with a +0 spear!
You die...

### ############ ..##
##........∩.##
.).######.....#.)....#
#.)#)..)#....###..)..#
8.))..).'.))..8..)..∩#
#.)#....#....###..)..#
.).######..o.)#......#
..## ##....o.@.∩.##
### ############


You could see an orc knight and an orc warrior (strong).

Vanquished Creatures
  Grinder (D:3)
  Sigmund (D:3)
  3 yaks (D:5)
  An acid dragon (D:7)
  A water moccasin (D:6)
  Duvessa (D:5)
  10 orc warriors
  3 ice beasts
  2 black bears
  An ogre (D:6)
  A phantom (D:5)
  A kobold brigand (D:6)
  A gnoll sergeant (D:7)
  Dowan (D:5)
  3 howler monkeys (D:7)
  3 jellies
  A bombardier beetle (D:3)
  2 bullfrog zombies (D:6)
  3 centaur zombies (D:6)
  3 orc priests
  A gnoll bouda (D:4)
  A hound (D:6)
  A bullfrog skeleton (D:6)
  Jessica (D:3)
  An iguana (D:7)
  Natasha (thrice) (D:3)
  3 orc wizards
  11 gnolls
  5 adders
  2 white imps
  3 dart slugs
  2 ribbon worms (D:3)
  36 orcs
  5 bats
  3 endoplasms
  5 giant cockroaches
  9 goblins
  2 hobgoblins
  10 jackals
  4 quokkas
  9 ball pythons
  2 frilled lizards (D:1)
  7 kobolds
  5 rats
174 creatures vanquished.

Vanquished Creatures (others)
  44 fulminant prisms
44 creatures vanquished.

Grand Total: 218 creatures vanquished

Notes
Turn   | Place    | Note
-------+----------+-------------------------------------------
     0 | D:1      | Kallu the Demigod Conjurer began the quest for the Orb.
     0 | D:1      | Reached XP level 1. HP: 14/14 MP: 5/5
   212 | D:1      | Reached skill level 4 in Conjurations
   212 | D:1      | Reached XP level 2. HP: 20/20 MP: 1/7
   217 | D:1      | Learned a level 2 spell: Searing Ray
  1060 | D:1      | Reached XP level 3. HP: 26/26 MP: 5/8
  2303 | D:3      | Reached skill level 5 in Conjurations
  2392 | D:3      | Noticed Sigmund
  2413 | D:3      | Killed Sigmund
  2414 | D:3      | Reached XP level 4. HP: 17/36 MP: 0/9
  2414 | D:3      | Reached XP level 5. HP: 20/41 MP: 0/10
  2577 | D:3      | Reached skill level 6 in Conjurations
  2816 | D:3      | Noticed Natasha
  2820 | D:3      | Killed Natasha
  2885 | D:3      | Learned a level 4 spell: Fulminant Prism
  2915 | D:3      | Noticed Jessica
  2916 | D:3      | Killed Jessica
  2983 | D:3      | Reached XP level 6. HP: 48/48 MP: 6/11
  3069 | D:3      | Noticed Natasha
  3079 | D:3      | Killed Natasha
  3087 | D:3      | Noticed Natasha
  3092 | D:3      | Killed Natasha
  3203 | D:3      | Noticed Grinder
  3213 | D:3      | Killed Grinder
  3214 | D:3      | Reached skill level 7 in Conjurations
  3214 | D:3      | Reached skill level 1 in Alchemy
  3678 | D:4      | Found Piunia Nith's Assorted Antiques.
  3697 | D:4      | Reached XP level 7. HP: 55/55 MP: 7/13
  4392 | D:5      | Entered Level 5 of the Dungeon
  4486 | D:5      | Reached skill level 8 in Conjurations
  4721 | D:5      | Noticed Duvessa
  4762 | D:5      | Noticed Dowan
  4778 | D:5      | Killed Dowan
  4784 | D:5      | Killed Duvessa
  4785 | D:5      | Reached skill level 9 in Conjurations
  4913 | D:5      | Noticed a yak
  4913 | D:5      | Noticed a yak
  4914 | D:5      | Noticed a yak
  4921 | D:5      | Killed a yak
  4921 | D:5      | Killed a yak
  4922 | D:5      | Reached XP level 8. HP: 61/61 MP: 11/14
  4923 | D:5      | Reached skill level 10 in Conjurations
  5070 | D:5      | Found Tuediet's Weapon Emporium.
  5663 | D:6      | Reached XP level 9. HP: 34/70 MP: 18/18
  6049 | D:6      | Identified a scroll of acquirement
  6236 | D:7      | Learned a level 4 spell: Iskenderun's Mystic Blast
  6518 | D:7      | Found a staircase to the Ecumenical Temple.
  6689 | D:7      | Reached skill level 5 in Fighting
  6689 | D:7      | Reached skill level 1 in Translocations
  7394 | D:8      | Found a flagged portal.
  7419 | Bailey   | Entered a bailey
  7773 | Bailey   | Reached skill level 5 in Alchemy
  7773 | Bailey   | Noticed an orc knight
  7774 | Bailey   | Noticed an orc knight
  7810 | Bailey   | Slain by an orc warrior

Illustrated notes

Levels and vault maps discovered:
D:1:      tarquinn_simple_flora_water_a, layout_basic,
          ebering_ecumenical_altar_box
D:2:      layout_basic, chequers_decorated_corner
D:3:      layout_loops_ring, uniq_sigmund, uniq_jessica, uniq_natasha,
          uniq_grinder
D:4:      layout_basic, marbit_many_paths, mainiacjoe_overflow_alcove_2,
          serial_shops, shop, minmay_curled_crystal
D:5:      layout_rooms, yredelemnul_altar_generic, serial_shops,
          nicolae_shop_tiny_waterfront, uniq_duvessa
D:6:      layout_rooms, kennysheep_slug_shrine, mainiacjoe_overflow_alcove_3,
          serial_undead, serial_undead_a, serial_undead_e, serial_undead_e,
          serial_undead_c
D:7:      layout_basic, temple_pool_b
D:8:      layout_loops_ring, enter_bailey_5
Bailey:   bailey_polearm_5, bailey

Skill      XL: |  1  2  3  4  5  6  7  8  9 |
---------------+----------------------------+-----
Spellcasting   | 2 4 |  4.0
Conjurations   | 4 5 6 7 9 10 | 10.1
Fighting       | 2 3 5 |  5.0
Alchemy        | 2 5 |  5.0
Dodging        | 3 |  3.0
Translocations | 3 |  3.0
Stealth        | |  1.7

Action                     |  1- 3 |  4- 6 |  7- 9 || total
---------------------------+-------+-------+-------++-------
  Melee: Unarmed           |    10 |       |       ||    10
         Mace              |     7 |    25 |       ||    32
         Dagger            |       |       |    55 ||    55
         Punch             |       |       |     1 ||     1
         Spear             |       |       |    51 ||    51
  Throw: Boomerang         |     3 |       |       ||     3
   Cast: Magic Dart        |    85 |     6 |    93 ||   184
         Searing Ray       |     4 |    10 |    23 ||    37
         Fulminant Prism   |       |     3 |    41 ||    44
  Evoke: Wand              |       |       |     4 ||     4
    Use: Potion            |       |       |     5 ||     5
         Scroll            |       |       |    10 ||    10
 Armour: Robe              |    34 |    18 |    91 ||   143
         Acid dragon scale |       |       |    59 ||    59
  Dodge: Dodged            |    34 |    25 |    98 ||   157
